 Dungeon Crawl Stone Soup version 0.18.1-8-gdd0e5ea (webtiles) character file.

722 Marenglen the Cudgeler (level 7, -5/67 HPs)
             Began as a Troll Arcane Marksman on May 23, 2016.
             Slain by Eustachio
             ... wielding a +0 rapier
              (6 damage)
             ... on level 6 of the Dungeon.
             The game lasted 00:13:17 (4352 turns).

Marenglen the Cudgeler (Troll Arcane Marksman)      Turns: 4352, Time: 00:13:18

Health: -5/67      AC:  3    Str: 20      XL:     7   Next: 43%
Magic:  7/7        EV: 15    Int:  9      God:
Gold:   206        SH:  0    Dex: 17 (18) Spells: 2 memorised, 5 levels left

rFire  . . .     SeeInvis .     a - +0 mace
rCold  . . .     Gourm    +     (armour restricted)
rNeg   . . .     Faith    .     (no shield)
rPois  .         Spirit   .     (helmet restricted)
rElec  .         Dismiss  .     (no cloak)
rCorr  .         Reflect  .     (gloves unavailable)
SustAt .         Harm     .     (boots unavailable)
MR     .....                    (no amulet)
Stlth  +++.......               (no ring)
                                (no ring)

@: agile, not resistant to hostile enchantments, fairly stealthy
A: unfitting armour, claws 3, agile 1, fast metabolism 3, gourmand, regeneration
2, shaggy fur 1, tough skin 2, MP-powered wands
a: no special abilities


You were on level 6 of the Dungeon.
You were very full.

You visited 1 branch of the dungeon, and saw 6 of its levels.

You collected 206 gold pieces.

Inventory:

Hand Weapons
 a - a +0 mace (weapon)
 b - a +0 blowgun
Missiles
 c - 73 poisoned needles
 g - 7 needles of confusion
Wands
 j - a wand of slowing (30/48)
Scrolls
 h - a scroll of enchant weapon
 l - a scroll of remove curse
 o - a scroll of recharging
 w - a scroll of magic mapping
Potions
 r - 2 potions of flight
Books
 s - a book of Debilitation

   Spells                             Type                      Level
   a - Corona                         Hexes                        1
   b - Slow                           Hexes                        2
   c - Gell's Gravitas                Hexes/Translocation          3
   d - Inner Flame                    Hexes/Fire                   3
   e - Cause Fear                     Hexes                        4
   f - Leda's Liquefaction            Hexes/Earth                  4
Comestibles
 f - 5 bread rations
 m - 4 meat rations
 t - 2 beef jerkies


   Skills:
 + Level 3.2 Fighting
 + Level 4.4 Maces & Flails
 + Level 3.9 Throwing
 - Level 1.5 Dodging
 - Level 1.0 Spellcasting
 - Level 3.0 Hexes


You had 5 spell levels left.
You knew the following spells:

 Your Spells              Type           Power        Failure   Level  Hunger
a - Corona                Hex            #......      12%         1    ##.....
b - Slow                  Hex            #.......     17%         2    ###....


Dungeon Overview and Level Annotations

Branches:
Dungeon (6/15)
 Temple: D:4-7

Altars:
Ashenzari

Annotations:
D:3 Marenglen's ghost, amateur TrAM
D:6 Eustachio


Innate Abilities, Weirdness & Mutations

You are too large for most types of armour.
You have claws for hands.
Your metabolism is lightning-fast.
You like to eat raw meat.
You heal very quickly.
You are covered in fur (AC +1).
You have very tough skin (AC +2).
You are agile. (Dex +2)
You expend magic power (3 MP) to strengthen your wands.


Message History

The quasit bites you.
* * * LOW HITPOINT WARNING * * *
You feel clumsy. The quasit completely misses you.
The quasit closely misses you.
Eustachio casts a spell.
The quasit bites you but does no damage.
The quasit claws you but does no damage.
The quasit claws you.
* * * LOW HITPOINT WARNING * * *
Unknown command.
Drink which item? (? for menu, Esc to quit)
You feel agile all of a sudden. The bat hits you.
* * * LOW HITPOINT WARNING * * *
The quasit bites you.
* * * LOW HITPOINT WARNING * * *
The quasit barely misses you.
The quasit claws you but does no damage.
Eustachio hits you with a rapier.
You die...

########
.......###########
.......##........#
.......##........#
........#.......5#
..!......?.....bb#
..............ยง@.#
....# #......(55@#
##..# #......#####
.#..# #...####
....###...#
..........#
......#...#
.##.......# .
#.....#.#
...#..#...?.


You could see Eustachio, an iron imp, a quasit, a crimson imp and 2 bats.

Vanquished Creatures
  2 ice beasts
  2 ogres (D:4)
  A big kobold (D:4)
  A scorpion (D:5)
  2 worker ants (D:4)
  A hound skeleton (D:4)
  8 adders
  An ooze (D:1)
  3 worms
  3 dart slugs
  2 giant geckos
  7 orcs
  4 ball pythons (D:4)
  6 bats
  4 giant cockroaches
  12 goblins
  10 hobgoblins
  3 jackals (D:4)
  4 quokkas
  2 giant newts
  A jackal skeleton (D:4)
  26 kobolds
  13 rats
118 creatures vanquished.

Vanquished Creatures (others)
  A plant (D:4)
1 creature vanquished.

Grand Total: 119 creatures vanquished

Notes
Turn   | Place    | Note
--------------------------------------------------------------
     0 | D:1      | Marenglen the Troll Arcane Marksman began the quest for the Orb.
     0 | D:1      | Reached XP level 1. HP: 18/18 MP: 1/1
   306 | D:1      | Reached XP level 2. HP: 26/26 MP: 2/2
   895 | D:1      | Reached XP level 3. HP: 32/32 MP: 3/3
  1202 | D:2      | Learned a level 2 spell: Slow
  1531 | D:2      | Reached skill level 1 in Maces & Flails
  1595 | D:2      | Reached XP level 4. HP: 39/40 MP: 4/4
  1820 | D:2      | Reached skill level 2 in Maces & Flails
  2221 | D:3      | Reached skill level 1 in Fighting
  2351 | D:3      | Noticed Marenglen's ghost (amateur TrAM)
  2371 | D:4      | Reached XP level 5. HP: 48/48 MP: 5/5
  2565 | D:4      | Noticed an ogre
  2569 | D:4      | Killed an ogre
  2569 | D:4      | Reached skill level 3 in Maces & Flails
  2582 | D:4      | Reached XP level 6. HP: 57/57 MP: 4/6
  4131 | D:5      | Entered Level 5 of the Dungeon
  4143 | D:5      | Noticed an ice beast
  4148 | D:5      | Killed an ice beast
  4148 | D:5      | Reached skill level 4 in Maces & Flails
  4148 | D:5      | Reached XP level 7. HP: 66/66 MP: 2/7
  4207 | D:5      | Found a shattered altar of Ashenzari.
  4249 | D:5      | Noticed a hill giant
  4309 | D:6      | Noticed Eustachio
  4319 | D:6      | HP: 5/100 [ice beast (13)]
  4320 | D:6      | Gained mutation: You are agile. (Dex +2) [potion of mutation]
  4320 | D:6      | Gained mutation: You expend magic power (3 MP) to strengthen your wands. [potion of mutation]
  4327 | D:6      | HP: 4/100 [ice beast (5)]
  4338 | D:6      | HP: 2/100 [river rat[Eustachio] (6)]
  4352 | D:6      | HP: 3/67 [bat[Eustachio] (1)]
  4352 | D:6      | HP: 1/67 [quasit[Eustachio] (2)]
  4352 | D:6      | Slain by Eustachio

Skill      XL: |  1  2  3  4  5  6  7 |
---------------+----------------------+-----
Hexes          | 3 |  3.0
Maces & Flails | 1 2 3 4 |  4.4
Fighting       | 1 2 3 |  3.2
Throwing       | 2 3 |  3.9
Dodging        | |  1.5
Spellcasting   | |  1.0

Action                   |  1- 3 |  4- 6 |  7- 9 || total
-------------------------+-------+-------+-------++-------
Melee: Club              |    40 |       |       ||    40
       Unarmed           |    12 |       |       ||    12
       Whip              |   119 |    68 |       ||   187
       Mace              |       |   214 |    37 ||   251
 Fire: Blowgun           |       |     3 |       ||     3
Throw: Large rock        |     9 |    25 |     7 ||    41
       Throwing net      |     2 |     2 |     2 ||     6
 Cast: Slow              |       |     2 |       ||     2
       Corona            |       |       |     2 ||     2
Evoke: Wand              |       |     1 |       ||     1
  Use: Scroll            |     3 |    11 |     4 ||    18
       Potion            |     4 |     1 |     5 ||    10
 Stab: Sleeping          |       |     1 |       ||     1
       Held in net/web   |       |     2 |       ||     2
  Eat: Chunk             |    21 |    23 |     2 ||    46
Armor: Skin              |    68 |    72 |   118 ||   258
Dodge: Dodged            |   103 |   160 |    15 ||   278
